 Dungeon Crawl Stone Soup version 0.26-a0-1025-g006ef2cfcc (webtiles) character file.

Game seed: 2487465896872545878

1551 Conn the Firebug (level 8, -4/50 HPs)
             Began as an Octopode Fire Elementalist on Dec 9, 2020.
             Was a Follower of Sif Muna.
             Slain by a howler monkey (8 damage)
             ... on level 5 of the Dungeon.
             The game lasted 00:15:41 (6893 turns).

Conn the Firebug (Octopode Fire Elementalist)       Turns: 6893, Time: 00:15:41

Health: -4/50      AC:  1    Str:  7    XL:     8   Next: 88%
Magic:  14/14      EV: 14    Int: 20    God:    Sif Muna [*.....]
Gold:   221        SH:  0    Dex: 18    Spells: 9/16 levels left

rFire    + . .     SeeInvis .   b - +1 scimitar "Cottasio" {freeze, Dex+6} (curse)
rCold    . . .     Faith    .   (no shield)
rNeg     . . .     Spirit   .   (helmet restricted)
rPois    .         Reflect  .   (no amulet)
rElec    .         Harm     .   e - ring of protection from fire
rCorr    .         Rampage  .   j - ring of stealth
Will     .....                  (no ring)
Stlth    +++++.....             (no ring)
HPRegen  0.16/turn              (no ring)
MPRegen  0.14/turn              (no ring)
                                (no ring)
                                (no ring)

@: mighty, hasted, very quick
A: almost no armour, stealthy swim, amphibious, 8 rings, constrict 8, camouflage
1, gelatinous body 1
a: Channel Magic, Renounce Religion


You were on level 5 of the Dungeon.
You worshipped Sif Muna.
Sif Muna was aware of your devotion.
You visited 1 branch of the dungeon, and saw 5 of its levels.

You collected 221 gold pieces.

Inventory:

Hand Weapons
 a - a +0 dagger
 b - the cursed +1 scimitar "Cottasio" (weapon) {freeze, Dex+6}
   (You found it on level 4 of the Dungeon)

   It has been specially enchanted to freeze those struck by it, causing extra
   injury to most foes and up to half again as much damage against particularly
   susceptible opponents.
   It can also slow down cold-blooded creatures.
   It affects your dexterity (+6).
   It has a curse placed upon it.
 g - a +0 short sword
 h - a +1 dagger of holy wrath
 k - a +2 dagger of freezing
Jewellery
 e - a ring of protection from fire (left tentacle)
 j - a ring of stealth (right tentacle)
Scrolls
 d - 4 scrolls of identify
 i - 3 scrolls of remove curse
 l - 2 scrolls of blinking
Potions
 o - a potion of flight
 p - a potion of berserk rage {unknown}


   Skills:
 + Level 2.1 Fighting
 + Level 1.6(2.4) Short Blades
 + Level 2.7(3.0) Long Blades
 + Level 2.6 Dodging
 + Level 4.7 Stealth
 + Level 4.5 Spellcasting
 * Level 5.3 Conjurations
 * Level 6.6 Fire Magic


You had 9 spell levels left.
You knew the following spells:

 Your Spells              Type           Power        Failure   Level
a - Foxfire               Conj/Fire      ####         1%          1
b - Conjure Flame         Conj/Fire      ####....     3%          3
c - Inner Flame           Hex/Fire       ###.....     10%         3

Your spell library contained the following spells:

 Spells                   Type           Power        Failure   Level
 Sticky Flame             Conj/Fire      ####....     11%         4
 Fireball                 Conj/Fire      ####......   28%         5


Dungeon Overview and Level Annotations

Branches:
Dungeon (5/15)
 Temple: D:4-7

Altars:
Dithmenos
Gozag
Hepliaklqana
Makhleb
Sif Muna

Shops:
D:4 [


Innate Abilities, Weirdness & Mutations

You cannot wear most types of armour.
You are very stealthy in the water. (Stealth+)
You are amphibious.
You can wear up to eight rings at the same time.
You can use your tentacles to constrict eight enemies at once.
Your skin changes colour to match your surroundings (Stealth+).
Your rubbery body absorbs attacks. (AC +1, EV +1)


Message History

Your grab misses the orc wizard.
Things that are here:
a +0 dagger; a +0 robe You barely miss the orc wizard.
You grab the orc wizard.
You constrict the orc wizard, but do no damage.
The orc wizard hits you but does no damage.
Space warps horribly around you!
* * * LOW HITPOINT WARNING * * *
Unknown command.
Okay, then.
You slash the orc wizard! You freeze the orc wizard.
You kill the orc wizard!
Sif Muna accepts your kill.
You can now call upon Sif Muna for magical energy.
The howler monkey hoots and howls with incredible vigour!
You slash the howler monkey! You freeze the howler monkey.
Your grab misses the howler monkey. You squeeze the howler monkey!
The howler monkey is almost dead.
The howler monkey hits you!
You die...

#†.## #..# ##.##
#†.# ##)## #.†#
..#.. #####.##
....... ###.##)h#
.......
##....#@##
....#..
###......)##
#......##.
##.........)##
#..........
##..........).#
#..........
##.............#
#..........
#..............#
#.........
[...............#
#.........
................#
#.........
................#
#.........


You could see a howler monkey (catching breath).

Vanquished Creatures
  Eustachio (D:5)
  2 phantoms (D:4)
  3 ogres
  A centaur (D:5)
  Blork the orc (D:4)
  6 hounds
  A jelly (D:4)
  2 orc priests (D:5)
  An iguana (D:4)
  7 orc wizards
  3 worker ants
  A howler monkey zombie (D:5)
  A gnoll (D:3)
  10 adders
  An ufetubus (D:5)
  An adder skeleton (D:4)
  A worm (D:3)
  4 dart slugs
  7 leopard geckos
  12 orcs
  3 ball pythons
  7 bats
  9 giant cockroaches
  9 goblins
  12 hobgoblins
  9 jackals
  2 quokkas
  3 frilled lizards
  A jackal skeleton (D:4)
  14 kobolds
  A leopard gecko zombie (D:5)
  A rat (D:1)
137 creatures vanquished.

Vanquished Creatures (others)
  419 foxfires
419 creatures vanquished.

Grand Total: 556 creatures vanquished

Notes
Turn   | Place    | Note
-------+----------+-------------------------------------------
     0 | D:1      | Conn the Octopode Fire Elementalist began the quest for the
                  | Orb.
     0 | D:1      | Reached XP level 1. HP: 11/11 MP: 3/3
   170 | D:1      | Reached XP level 2. HP: 17/17 MP: 0/5
   671 | D:1      | Reached XP level 3. HP: 21/21 MP: 2/6
   675 | D:1      | Learned a level 3 spell: Conjure Flame
  1581 | D:2      | Reached XP level 4. HP: 25/27 MP: 5/7
  1804 | D:2      | Found a hazy altar of Hepliaklqana.
  2136 | D:2      | Reached skill level 4 in Fire Magic
  2471 | D:2      | Reached XP level 5. HP: 16/31 MP: 5/9
  2730 | D:2      | Found a burning altar of Makhleb.
  2930 | D:2      | Learned a level 3 spell: Inner Flame
  3700 | D:3      | Reached XP level 6. HP: 17/36 MP: 10/10
  3917 | D:4      | Found an opulent altar of Gozag.
  3961 | D:4      | Reached skill level 1 in Short Blades
  4524 | D:4      | Noticed a phantom
  4557 | D:4      | Killed a phantom
  4558 | D:4      | Reached skill level 5 in Fire Magic
  4641 | D:4      | Noticed Blork the orc
  4671 | D:4      | Killed Blork the orc
  4672 | D:4      | Reached XP level 7. HP: 42/42 MP: 3/12
  4874 | D:4      | Got a bloodstained scimitar
  4875 | D:4      | Identified the cursed +1 scimitar "Cottasio" {freeze,
                  | Dex+6} (You found it on level 4 of the Dungeon)
  5093 | D:4      | Found a shadowy altar of Dithmenos.
  5221 | D:4      | Reached skill level 1 in Fighting
  5646 | D:4      | Found Sabefeaj's Antique Armour Emporium.
  5733 | D:4      | Reached skill level 6 in Fire Magic
  5733 | D:4      | Reached XP level 8. HP: 43/48 MP: 6/13
  6015 | D:5      | Entered Level 5 of the Dungeon
  6048 | D:5      | Noticed Eustachio
  6067 | D:5      | Killed Eustachio
  6068 | D:5      | Reached skill level 1 in Long Blades
  6506 | D:5      | Found a shimmering blue altar of Sif Muna.
  6509 | D:5      | Became a worshipper of Sif Muna the Loreminder
  6756 | D:5      | Reached skill level 5 in Conjurations
  6892 | D:5      | Reached * piety under Sif Muna
  6893 | D:5      | Slain by a howler monkey

Illustrated notes

Levels and vault maps discovered:
D:1:      noname_arrival_rooms_in_the_neighbourhood, layout_loops_ring,
          serial_park_tiny_pond, minmay_misc_feat_secret_circle,
          chequers_serial_rivers_small_3, hangedman_glass_teeth,
          minmay_misc_feat_four_crosses
D:2:      layout_loops_corners, overflow_temple_1_default,
          makhleb_blood_cavern_becter
D:3:      layout_rooms, cheibrodos_gnoll_hut
D:4:      layout_gridville, old_standard_altar, serial_shops, shop_statue,
          chequers_serial_rivers_room_a, grunt_dithmenos_smoke,
          uniq_blork_the_orc
D:5:      layout_cave_pods, lemuel_crystal_altar, serial_shops, shop,
          st_stairs_5, uniq_eustachio

Skill      XL: |  1  2  3  4  5  6  7  8 |
---------------+-------------------------+-----
Stealth        | 3 4 |  4.7
Fire Magic     | 4 5 6 |  6.6
Conjurations   | 2 3 4 5 |  5.3
Spellcasting   | 3 4 |  4.5
Short Blades   | 1 |  1.6
Fighting       | 1 2 |  2.1
Long Blades    | 2 |  2.7
Dodging        | |  2.6

Action                   |  1- 3 |  4- 6 |  7- 9 || total
-------------------------+-------+-------+-------++-------
Melee: Unarmed           |     4 |       |       ||     4
       Constrict         |     5 |     9 |    10 ||    24
       Short sword       |     6 |       |       ||     6
       Dagger            |     4 |    39 |     1 ||    44
       Tentacles         |     2 |     7 |     8 ||    17
       Scimitar          |       |       |    43 ||    43
 Cast: Foxfire           |    53 |    99 |    89 ||   241
       Conjure Flame     |       |     1 |     2 ||     3
  Use: Scroll            |       |     7 |     1 ||     8
       Potion            |       |     4 |     3 ||     7
 Stab: Sleeping          |     3 |     4 |     4 ||    11
       Distracted        |     1 |       |       ||     1
Armor: Skin              |     4 |     4 |     5 ||    13
Dodge: Dodged            |    14 |    39 |    43 ||    96
       Rpst.: Scimitar   |       |       |    15 ||    15

Table legend: (Time is in decaauts)
 A = Elapsed time spent in this place.
 B = Non-inter-level travel time spent in this place.
 C = Inter-level travel time spent in this place.
 D = Time resting spent in this place.
 E = Time spent auto-exploring this place.
 F = Levels seen in this place.
 G = Mean time per level.
                   A        B        C        D        E       F      G
               +--------+--------+--------+--------+--------+-----+--------+
         Total |   6877 |   6751 |    126 |   1656 |   3554 |   5 | 1375.4 |
       Dungeon |   6877 |   6751 |    126 |   1656 |   3554 |   5 | 1375.4 |
               +--------+--------+--------+--------+--------+-----+--------+

Top non-repeatable levels by time:
     D:4: 2350 daAuts
     D:2: 1662 daAuts
     D:1: 1325 daAuts
     D:3: 923 daAuts
     D:5: 616 daAuts
